 Dungeon Crawl Stone Soup version 0.20-a0-1020-g7b9e4fe (webtiles) character file.

5978 M4edhros the Carver (level 10, -4/71 HPs)
             Began as an Octopode Artificer on Apr 18, 2017.
             Was a Priest of Qazlal.
             Shot with an arrow by a centaur (8 damage)
             ... on level 9 of the Dungeon.
             The game lasted 00:10:51 (7630 turns).

M4edhros the Carver (Octopode Artificer)            Turns: 7630, Time: 00:10:51

Health: -4/71      AC:  2    Str: 12    XL:     10   Next: 85%
Magic:  12/12      EV: 19    Int: 21    God:    Qazlal [***...]
Gold:   361        SH: 10    Dex: 19    Spells: 9/9 levels left

rFire    + . .     SeeInvis .   g - +0 long sword (elec)
rCold    . . .     Gourm    .   I - +0 buckler of the Ego {MR- Int+4 Dex+3}
rNeg     + . .     Faith    .   O - +1 hat
rPois    .         Spirit   .   (no amulet)
rElec    .         Reflect  .   e - ring of positive energy
rCorr    .         Harm     .   N - +2 ring of intelligence
MR       .....                  (no ring)
Stlth    ++........             (no ring)
Regen    0.3/turn               (no ring)
MPRegen  0.2/turn               (no ring)
                                (no ring)
                                (no ring)

@: no status effects
A: almost no armour, stealthy swim, amphibious, 8 rings, constrict 8, camouflage
1, clever 1, fire resistance 1, gelatinous body 1
a: Upheaval, Elemental Force, Renounce Religion


You were on level 9 of the Dungeon.
You worshipped Qazlal.
Qazlal was most pleased with you.
You were not hungry.

You visited 2 branches of the dungeon, and saw 10 of its levels.

You collected 361 gold pieces.

Inventory:

Hand Weapons
 a - a +0 short sword
 g - a +0 long sword of electrocution (weapon)
 F - a +0 blowgun
 M - a +2 short sword of venom
Missiles
 E - 2 curare-tipped needles
Armour
 q - a +0 shield
 I - the +0 buckler of the Ego (worn) {MR- Int+4 Dex+3}
   (You found it on level 6 of the Dungeon)

   It affects your intelligence (+4).
   It affects your dexterity (+3).
   It affects your resistance to hostile enchantments.
 O - a +1 hat (worn)
Jewellery
 e - a ring of positive energy (left tentacle)
 N - a +2 ring of intelligence (right tentacle)
Wands
 b - a wand of flame (5/48)
 c - a wand of enslavement (1/24)
 d - a wand of random effects (0/48)
 w - a wand of random effects (1/48)
 y - a wand of enslavement (7/24)
Scrolls
 h - 2 scrolls of enchant armour
 k - 2 scrolls of enchant weapon {unknown}
 m - a scroll of teleportation {unknown}
 p - 2 scrolls of immolation
 r - 3 scrolls of amnesia
 s - 2 scrolls of fear
 t - a scroll of noise {unknown}
 v - 2 scrolls of magic mapping
 A - 3 scrolls of remove curse
 D - a scroll of blinking
 G - 2 scrolls of recharging
 K - a scroll of random uselessness {unknown}
Potions
 i - 2 potions of curing
 j - a potion of flight {unknown}
 l - 2 potions of lignification
 u - 3 potions of mutation
 x - a potion of haste {unknown}
 z - 2 potions of resistance
 C - a potion of heal wounds {unknown}
 J - a potion of cancellation {unknown}
 L - 2 potions of berserk rage
 P - a potion of brilliance {unknown}
Books
 o - a book of Cantrips

   Spells                             Type                      Level
   a - Confusing Touch                Hexes                        1
   b - Animate Skeleton               Necromancy                   1
   c - Summon Small Mammal            Summoning                    1
   d - Apportation                    Translocation                1
 B - a book of Minor Magic

   Spells                             Type                      Level
   a - Magic Dart                     Conjuration                  1
   b - Blink                          Translocation                2
   c - Call Imp                       Summoning                    2
   d - Slow                           Hexes                        2
   e - Conjure Flame                  Conjuration/Fire             3
   f - Mephitic Cloud                 Conjuration/Poison/Air       3
 H - a book of Conjurations

   Spells                             Type                      Level
   a - Magic Dart                     Conjuration                  1
   b - Searing Ray                    Conjuration                  2
   c - Dazzling Spray                 Conjuration/Hexes            3
   d - Fulminant Prism                Conjuration/Hexes            4
   e - Force Lance                    Conjuration/Translocation    4
   f - Iskenderun's Mystic Blast      Conjuration                  4
Comestibles
 f - 4 bread rations
 n - 3 royal jellies
 Q - 17 chunks of flesh


   Skills:
 + Level 7.3 Fighting
 - Level 1.0(6.6) Short Blades
 * Level 10.3(10.4) Long Blades
 + Level 7.9 Dodging
 - Level 1.9 Stealth
 + Level 5.7 Shields
 - Level 3.2 Evocations


You had 9 spell levels left.
You didn't know any spells.

Dungeon Overview and Level Annotations

Branches:
Dungeon (9/15)             Temple (1/1) D:5
   Lair: D:8-11         Orc: D:9-12

Altars:
Ashenzari
Cheibriados
Dithmenos
Fedhas
Gozag
Hepliaklqana
Kikubaaqudgha
Makhleb
Nemelex Xobeh
Okawaru
Qazlal
Ru
Sif Muna
Trog
Uskayaw
Vehumet
Wu Jian
Xom
Yredelemnul
Zin
The Shining One

Shops:
D:4 %   D:7 [


Innate Abilities, Weirdness & Mutations

You cannot wear most types of armour.
You are very stealthy in the water. (Stealth+)
You are amphibious.
You can wear up to eight rings at the same time.
You can use your tentacles to constrict eight enemies at once.
Your skin changes colour to match your surroundings (Stealth+).
Your rubbery body absorbs attacks. (AC +1, EV +1)
Your mind is acute. (Int +2)
Your flesh is heat resistant. (rF+)


Message History

Nothing appears to happen.
This wand has 3 charges left.
Evoke which item? (* to show all) (? for menu, Esc to quit)
Aiming: Random Effects
Press: ? - help, Shift-Dir - straight line, f - you The fireball explodes!
The fireball engulfs something.
This wand has 2 charges left.
Evoke which item? (* to show all) (? for menu, Esc to quit)
Aiming: Random Effects
Press: ? - help, Shift-Dir - straight line, f - you The puff of frost hits something.
This wand has 1 charge left.
You closely miss something. Something hits you!! Something hits you!
* * * LOW HITPOINT WARNING * * *
You hear a shout! x2
A centaur comes into view.
The centaur wields a shortbow.
The centaur shoots an arrow.
The arrow hits you!
* * * LOW HITPOINT WARNING * * *
An ogre comes into view. It is wielding a giant club.
You see here an arrow.
The centaur shoots an arrow.
The arrow hits you!
You die...

.........(.)...... .... ...
................. .... ..
.........(.###### #..#
........c..# #..# ########).#
#..# #..# #..#
#..#########..#####
#..................
########.@§..O..........[.
........§(####..#####.....
........§.# #..# #.....
########.{# #..# #..... #..#
#..# #..... #..# #..# #..... #
#..# #..# #.....
###>.########..####..#####.....
...............................


You could see an ogre and a centaur.

Vanquished Creatures
  2 two-headed ogres
  Pikel (D:6)
  2 steam dragons
  A hornet (D:9)
  3 yaks (D:9)
  A hungry ghost (D:7)
  A water moccasin (D:9)
  5 ice beasts
  An eye of draining (D:9)
  A slave (D:6)
  2 orc warriors
  4 ogres
  A centaur (D:9)
  2 big kobolds
  3 bullfrogs
  2 scorpions
  A killer bee (D:9)
  3 crimson imps
  A bullfrog zombie (D:8)
  2 hounds
  Crazy Yiuf (D:6)
  6 orc priests
  2 jellies
  A bullfrog skeleton (D:4)
  7 orc wizards
  2 iguanas
  5 worker ants
  The ghost of M4edhros the Sneak, a weakling OpAr (D:3)
  A hound skeleton (D:7)
  9 adders
  4 gnolls (D:6)
  A shadow imp (D:9)
  An ooze (D:7)
  2 adder skeletons
  3 worms
  3 dart slugs
  6 leopard geckos
  29 orcs
  5 bats
  7 giant cockroaches
  7 goblins
  10 hobgoblins
  11 jackals
  4 quokkas
  A ball python (D:2)
  A ball python skeleton (D:4)
  3 frilled lizards
  A giant cockroach zombie (D:5)
  8 kobolds
  9 rats
190 creatures vanquished.

Vanquished Creatures (collateral kills)
  A killer bee (D:9)
  2 yaks (D:9)
  A black bear (D:7)
  A crimson imp (D:5)
  A worker ant (D:7)
  A hound zombie (D:7)
  2 adders
9 creatures vanquished.

Vanquished Creatures (others)
  3 killer bees (D:9)
  An orc priest (D:7)
  2 orcs
6 creatures vanquished.

Grand Total: 205 creatures vanquished

Notes
Turn   | Place    | Note
-------+----------+-------------------------------------------
     0 | D:1      | M4edhros the Octopode Artificer began the quest for the Orb.
     0 | D:1      | Reached XP level 1. HP: 13/13 MP: 3/3
    81 | D:2      | Reached skill level 1 in Long Blades
    81 | D:2      | Reached XP level 2. HP: 12/18 MP: 4/4
   552 | D:2      | Reached XP level 3. HP: 19/23 MP: 5/5
   780 | D:2      | Reached skill level 2 in Long Blades
   928 | D:4      | Reached XP level 4. HP: 29/29 MP: 6/6
   949 | D:4      | Reached skill level 3 in Long Blades
   949 | D:4      | Reached XP level 5. HP: 21/35 MP: 7/7
  1129 | D:4      | Noticed an ogre
  1197 | D:4      | Killed an ogre
  1274 | D:4      | Reached XP level 6. HP: 11/41 MP: 8/8
  1554 | D:4      | Reached skill level 4 in Long Blades
  1708 | D:4      | Found Worgh's Food Emporium.
  2062 | D:5      | Entered Level 5 of the Dungeon
  2100 | D:5      | Reached XP level 7. HP: 19/46 MP: 9/9
  2283 | D:5      | Found a staircase to the Ecumenical Temple.
  2301 | D:5      | Found a basalt altar of Yredelemnul.
  2336 | Temple   | Entered the Ecumenical Temple
  2388 | Temple   | Became a worshipper of Qazlal Stormbringer
  3402 | D:3      | Reached * piety under Qazlal
  3499 | D:3      | Found a sacrificial altar of Ru.
  3531 | D:3      | Found a shattered altar of Ashenzari.
  3770 | D:3      | Noticed M4edhros's ghost (weakling OpAr)
  3774 | D:3      | Killed M4edhros's ghost
  3894 | D:5      | Reached skill level 5 in Long Blades
  4109 | D:5      | Found an opulent altar of Gozag.
  4117 | D:5      | Found a deep blue altar of Sif Muna.
  4526 | D:6      | Reached XP level 8. HP: 36/54 MP: 10/10
  4537 | D:6      | Reached skill level 6 in Long Blades
  4537 | D:6      | Reached skill level 5 in Dodging
  4753 | D:6      | Found a runed door.
  4847 | D:6      | Reached ** piety under Qazlal
  4978 | D:6      | Found a bloodstained altar of Trog.
  4990 | D:6      | Got a translucent buckler
  4996 | D:6      | Identified the +0 buckler of the Ego {MR- Int+4 Dex+3} (You found it on level 6 of the Dungeon)
  5002 | D:6      | Noticed Pikel
  5016 | D:6      | Killed Pikel
  5016 | D:6      | Reached skill level 5 in Fighting
  5016 | D:6      | Reached skill level 7 in Long Blades
  5501 | D:6      | Noticed Crazy Yiuf
  5509 | D:6      | Killed Crazy Yiuf
  5603 | D:7      | Reached XP level 9. HP: 32/61 MP: 11/11
  5940 | D:7      | HP: 3/61 [orc wizard/magic dart (5)]
  5943 | D:7      | Gained mutation: Your flesh is heat resistant. (rF+) [potion of mutation]
  5943 | D:7      | Gained mutation: Your mind is acute. (Int +2) [potion of mutation]
  5950 | D:7      | Found a sparkling altar of Nemelex Xobeh.
  5957 | D:7      | Reached skill level 8 in Long Blades
  6269 | D:7      | Found Ditumpi's Armour Shoppe.
  6351 | D:7      | Killed a steam dragon
  6657 | D:8      | Found a shadowy altar of Dithmenos.
  6758 | D:8      | Noticed a two-headed ogre
  6780 | D:8      | Killed a two-headed ogre
  6780 | D:8      | Reached skill level 9 in Long Blades
  6780 | D:8      | Reached XP level 10. HP: 64/69 MP: 12/12
  7330 | D:9      | Reached *** piety under Qazlal
  7396 | D:9      | Noticed a two-headed ogre
  7402 | D:9      | Killed a two-headed ogre
  7402 | D:9      | Reached skill level 5 in Shields
  7420 | D:9      | Reached skill level 10 in Long Blades
  7611 | D:9      | Noticed a two-headed ogre
  7630 | D:9      | Shot with an arrow by a centaur

Vault maps used:
D:1:      dpeg_arrival_tiny_a
D:2:      minmay_misc_feat_four_crosses
D:3:      ashenzari_conservatory_becter, nicolae_ru_awakened_eye
D:4:      serial_shops, nicolae_shop_behind_doors
D:5:      grunt_temple_overflow_open, minmay_temple_entry_mist, basic_altar,
          first_bread
D:6:      minmay_misc_feat_roman, eino_tiny_chamber, minmay_misc_feat_x,
          trog_three_pillars_becter, uniq_crazy_yiuf_cottage, uniq_pikel
D:7:      nemelex_xobeh_ov_fountains_minmay, serial_shops, kennysheep_mini
D:8:      nicolae_dithmenos_shadow_blocks
D:9:      kennysheep_mini_moat
Temple:   compressed_dpeg_circular_temple

Skill      XL: |  1  2  3  4  5  6  7  8  9 10 |
---------------+-------------------------------+-----
Long Blades    | 1 2 3 4 5 7 9 10 | 10.3
Fighting       | 2 3 4 5 6 7 |  7.3
Dodging        | 3 4 5 7 |  7.9
Shields        | 2 4 5 |  5.7
Short Blades   | |  1.0
Stealth        | |  1.9
Evocations     | |  3.2

Action                   |  1- 3 |  4- 6 |  7- 9 | 10-12 || total
-------------------------+-------+-------+-------+-------++-------
Melee: Long sword        |    46 |    38 |   222 |    61 ||   367
       Constrict         |    16 |    11 |    61 |    12 ||   100
       Tentacles         |     5 |     6 |    49 |    17 ||    77
Evoke: Wand              |       |     2 |    26 |    19 ||    47
  Use: Potion            |       |       |     3 |       ||     3
       Scroll            |       |       |       |    12 ||    12
 Stab: Sleeping          |     5 |     2 |     6 |       ||    13
       Distracted        |     1 |       |       |       ||     1
       Paralysed         |       |       |     4 |       ||     4
  Eat: Chunk             |       |     4 |    11 |     3 ||    18
       Meat ration       |       |       |     1 |       ||     1
       Royal jelly       |       |       |     1 |       ||     1
Armor: Skin              |     9 |     3 |     6 |     1 ||    19
Dodge: Dodged            |    42 |    22 |   132 |    34 ||   230
Block: Other             |       |       |     9 |       ||     9
       Buckler           |       |       |    25 |    22 ||    47
       Rpst.: Long sword |     9 |     9 |    34 |    10 ||    62
